Map: Kairos Junction LE

Players

Serral - Winner!

  • Race: Zerg Zerg
  • League: Grandmaster
  • Spawn Location: 5:00

TYTY (TY)

  • Race: Terran Terran
  • League: Master
  • Spawn Location: 11:00

Event: HomeStory Cup XIX

VOD

Have the link to the VOD?

Description

Time

  • Played on: June 30, 2019, 6:21 p.m.
  • Length: 13:02

All games in this series

Show
View Real Time Build Order
Export as new Build Order

Serral Zerg - Winner!

Build Orders: Pool First 

Get SALT Encoding   

  12  0:00  Drone  
  13  0:12  Overlord  
  13  0:17  Drone  
  14  0:30  Drone  
  14  0:31  Drone  
  14  0:35  Drone  
  17  0:44  Extractor  
  17  0:45  Drone  
  17  0:49  Spawning Pool  
  16  0:55  Drone  
  17  1:06  Drone  
  18  1:17  Hatchery  
  17  1:22  Drone  
  18  1:38  Zergling x4  
  18  1:39  Queen  
  22  1:47  Metabolic Boost  
  22  1:53  Overlord  
  22  2:13  Drone x2  
  22  2:14  Queen  
  26  2:25  Zergling x2  
  26  2:29  Drone, Queen  
  30  2:37  Drone  
  30  2:41  Drone  
  32  2:47  Drone x2  
  32  2:48  Drone x2  
  32  2:50  Overlord  
  36  3:11  Drone x2, Hatchery  
  36  3:15  Drone x2  
  37  3:22  Queen  
  37  3:24  Drone  
  37  3:26  Drone  
  41  3:30  Zergling x4  
  41  3:33  Overlord  
  43  3:35  Drone  
  43  3:40  Lair  
  44  3:46  Overlord  
  44  3:52  Zergling x4  
  44  3:54  Drone x2, Baneling Nest  
  47  4:00  Queen  
  49  4:03  Overlord  
  49  4:06  Drone  
  49  4:08  Drone  
  49  4:09  Drone  
  52  4:18  Overlord  
  52  4:25  Drone x4  
  52  4:26  Drone  
  52  4:27  Queen  
  58  4:32  Zergling x6  
  58  4:37  Drone x3  
  64  4:41  Overlord  
  64  4:42  Drone  
  65  4:45  Extractor  
  65  4:46  Extractor  
  65  4:48  Overseer  
  65  4:51  Centrifical Hooks  
  65  4:52  Drone x2  
  65  4:55  Drone x2  
  67  5:03  Zergling x4  
  67  5:06  Spore Crawler  
  67  5:07  Drone, Spore Crawler  
  67  5:08  Drone x3  
  67  5:09  Drone  
  67  5:14  Overseer  
  71  5:15  Drone x3  
  71  5:20  Overlord  
  73  5:23  Zergling x2  
  73  5:27  Drone x2, Evolution Chamber  
  73  5:28  Evolution Chamber  
  73  5:30  Drone x3  
  73  5:34  Zergling x4  
  78  5:40  Zergling x8  
  82  5:43  Baneling x8  
  80  5:50  Zergling x10  
  74  6:06  Drone x9  
  74  6:09  Spore Crawler  
  79  6:11  Zergling x6  
  80  6:18  Zerg Melee Weapons Level 1  
  80  6:20  Drone x2  
  80  6:22  Drone  
  80  6:24  Extractor  
  79  6:27  Zerg Ground Armor Level 1  
  79  6:28  Drone x2  
  79  6:32  Drone  
  82  6:36  Extractor  
  82  6:37  Extractor  
  80  6:40  Queen, Overlord  
  80  6:43  Drone x4  
  86  6:48  Drone  
  86  6:51  Drone x2  
  88  6:59  Baneling x5, Hydralisk Den  
  88  7:00  Baneling  
  88  7:01  Drone  
  88  7:04  Zergling x10  
  93  7:10  Drone x2  
  93  7:11  Overlord x2  
  93  7:14  Overlord  
  93  7:15  Overlord  
  95  7:19  Hatchery  
  95  7:20  Zergling x2  
  91  7:27  Overlord x2  
  91  7:29  Muscular Augments  
  91  7:36  Baneling x4  
  91  7:38  Zergling x10  
  96  7:44  Infestation Pit  
  96  7:50  Drone  
  96  7:52  Drone x6, Spore Crawler  
  96  7:56  Drone x2  
  96  7:57  Drone x2  
  105  8:01  Baneling x2  
  105  8:05  Overlord  
  105  8:06  Drone  
  106  8:13  Hydralisk x7  
  106  8:19  Hydralisk x2  
  124  8:21  Hive  
  124  8:24  Overlord  
  124  8:25  Zerg Melee Weapons Level 2  
  124  8:27  Zerg Ground Armor Level 2  
  124  8:33  Drone x5  
  129  8:34  Drone  
  129  8:39  Hydralisk x3  
  129  8:41  Grooved Spines  
  136  8:51  Drone x3, Extractor  
  136  8:53  Spore Crawler  
  136  8:54  Hydralisk  
  136  8:55  Zergling x10  
  144  9:04  Hydralisk x2, Zergling x2  
  144  9:05  Zergling x12  
  155  9:14  Baneling x9  
  155  9:17  Zergling x10  
  156  9:21  Overlord  
  160  9:24  Hatchery  
  160  9:30  Overlord x2  
  160  9:31  Overlord x3  
  159  9:32  Adrenal Glands  
  154  9:47  Viper x2  
  154  9:48  Viper  
  154  9:50  Hydralisk, Zergling x2  
  154  9:51  Zergling x24  
  169  10:05  Ultralisk Cavern  
  169  10:06  Baneling x5, Zergling x4  
  170  10:08  Zergling x4  
  170  10:13  Overlord  
  172  10:15  Zergling x10  
  164  10:21  Zergling x4  
  164  10:24  Zergling x4  
  164  10:26  Baneling x6  
  167  10:34  Hydralisk  
  167  10:35  Zergling x18  
  176  10:36  Queen  
  176  10:42  Hydralisk x2  
  173  10:43  Zergling x8  
  179  10:51  Drone  
  179  10:52  Drone x2  
  179  10:53  Extractor  
  179  10:54  Zergling x4  
  179  10:56  Baneling x7  
  183  10:59  Zergling x4  
  183  11:03  Zergling x20  
  191  11:06  Zergling x6  
  191  11:10  Baneling x2  
  191  11:11  Baneling x3, Zergling x2  
  193  11:18  Zergling x8  
  167  11:27  Hydralisk x3  
  167  11:28  Zergling x4  
  167  11:31  Hydralisk x2  
  167  11:32  Zergling x4  
  162  11:37  Chitinous Plating  
  150  11:40  Zergling x26  
  150  11:42  Baneling x4  
  150  11:43  Baneling x2  
  150  11:44  Baneling x2  
  163  11:52  Zergling x10  
  168  11:55  Baneling x16  
  164  12:01  Zergling x6  
  164  12:02  Zergling x6  
  164  12:05  Viper  
  164  12:06  Viper  
  176  12:09  Zergling x18  
  185  12:24  Zergling x8  
  185  12:25  Zergling x8  
  191  12:33  Zergling x14  
  180  12:38  Zergling x12  
Show
View Real Time Build Order
Export as new Build Order

TYTY Terran 

Build Orders: Gas First Reaper Expand 

Get SALT Encoding   

  12  0:00  SCV  
  13  0:13  SCV  
  14  0:18  Supply Depot  
  14  0:25  SCV  
  14  0:27  Refinery  
  15  0:40  SCV  
  16  0:44  Barracks  
  16  0:52  SCV  
  17  1:04  SCV  
  18  1:16  SCV  
  19  1:31  Orbital Command, Reaper  
  20  1:43  Command Center  
  20  1:54  Factory  
  20  1:59  SCV  
  21  2:07  Supply Depot  
  21  2:09  Barracks Reactor  
  21  2:13  SCV  
  22  2:19  Refinery  
  22  2:25  SCV  
  23  2:37  SCV  
  23  2:41  Starport  
  24  2:48  Hellion x2  
  28  2:52  SCV  
  28  2:55  Barracks Tech Lab  
  29  2:59  Orbital Command  
  29  3:04  SCV  
  29  3:16  SCV, Hellion  
  29  3:17  Hellion  
  34  3:23  Viking  
  34  3:26  SCV  
  37  3:29  SCV  
  38  3:38  SCV  
  38  3:41  SCV, Supply Depot  
  40  3:48  Factory Tech Lab  
  40  3:49  Marine x2  
  40  3:50  SCV  
  40  3:55  Banshee  
  46  4:01  Supply Depot  
  47  4:02  SCV  
  47  4:03  SCV  
  47  4:06  Marine  
  49  4:11  Siege Tank  
  49  4:13  Marine  
  49  4:15  SCV  
  54  4:22  SCV, Supply Depot  
  55  4:24  Supply Depot  
  55  4:27  SCV  
  56  4:32  Liberator  
  56  4:34  Marine x2  
  56  4:35  SCV  
  62  4:43  SCV  
  61  4:46  Siege Tank  
  61  4:47  SCV  
  65  4:53  Marine  
  65  4:54  Marine  
  65  4:55  SCV  
  65  4:59  Command Center, SCV  
  69  5:07  SCV  
  69  5:11  Marine x2, SCV  
  69  5:12  Supply Depot  
  72  5:16  Liberator  
  72  5:19  Siege Tank  
  75  5:21  SCV  
  75  5:27  Barracks  
  75  5:28  Barracks  
  76  5:29  Marine x2  
  76  5:34  SCV  
  76  5:35  SCV, Supply Depot  
  83  5:46  SCV  
  83  5:47  Marine x2  
  86  5:56  Siege Tank, Refinery  
  87  5:57  Refinery  
  80  6:05  Marine x2  
  80  6:08  SCV x2  
  72  6:13  Orbital Command  
  72  6:14  Engineering Bay x2  
  72  6:23  Marine  
  72  6:24  Marine  
  68  6:30  Marine  
  68  6:31  Orbital Command  
  64  6:34  Barracks Reactor  
  64  6:40  Marine  
  64  6:41  SCV x2  
  64  6:42  Marine  
  64  6:45  Starport Reactor  
  64  6:46  Terran Infantry Weapons Level 1  
  68  6:48  Barracks, Marine  
  68  6:49  Barracks  
  68  6:52  Stimpack  
  68  6:53  SCV  
  70  6:56  Siege Tank  
  70  6:57  SCV  
  70  6:58  Marine, SCV  
  70  7:00  Marine  
  77  7:03  Terran Infantry Armor Level 1  
  77  7:05  SCV  
  77  7:06  Marine  
  79  7:09  SCV  
  79  7:10  SCV  
  79  7:12  Marine x2  
  83  7:16  Marine  
  83  7:17  SCV  
  83  7:19  Marine  
  83  7:21  Medivac x2  
  91  7:22  SCV  
  91  7:23  SCV  
  91  7:26  Bunker  
  91  7:27  Marine  
  91  7:29  Marine x2, SCV  
  94  7:32  Supply Depot  
  94  7:33  Siege Tank, Supply Depot  
  94  7:34  Marine  
  94  7:35  Barracks Tech Lab, SCV  
  94  7:36  Marine  
  102  7:38  Barracks Reactor  
  102  7:39  SCV  
  102  7:41  Refinery, SCV  
  104  7:45  Marine  
  104  7:47  Marine, SCV  
  107  7:52  Medivac  
  107  7:53  Supply Depot  
  107  7:55  Supply Depot  
  107  7:57  Combat Shield, Supply Depot  
  109  7:59  Marine x3  
  109  8:00  Marine  
  109  8:03  Marine  
  109  8:05  Marine, Supply Depot  
  115  8:06  Supply Depot  
  115  8:07  Supply Depot  
  115  8:08  Siege Tank, Supply Depot  
  115  8:10  SCV  
  115  8:11  SCV  
  120  8:16  Marine x2  
  120  8:17  Marine x2  
  120  8:19  Medivac  
  126  8:22  Marine  
  129  8:29  Barracks  
  129  8:31  Barracks, Marine  
  130  8:35  Marauder x2  
  130  8:36  Medivac  
  134  8:44  Marine x5  
  134  8:45  Siege Tank, Armory  
  142  8:50  Marine  
  142  8:54  Supply Depot  
  143  8:56  Marine  
  143  8:57  Marauder  
  143  8:59  Medivac  
  143  9:02  Marine x3  
  148  9:03  Marine x2  
  153  9:12  Marine  
  153  9:14  Marauder  
  153  9:16  Supply Depot  
  156  9:18  Marauder, Barracks Reactor x2  
  156  9:20  Marine x3  
  156  9:21  Marine x2  
  163  9:27  Siege Tank  
  163  9:30  Marine  
  167  9:33  Terran Infantry Weapons Level 2  
  167  9:35  Marine  
  167  9:38  Marine x2  
  169  9:40  Marauder  
  169  9:41  Marine x2  
  169  9:42  Marine  
  169  9:43  Medivac  
  170  9:51  Marine  
  159  9:53  Marine, Terran Infantry Armor Level 2  
  159  9:56  Marine  
  159  9:57  Marine  
  159  9:58  Marine x4  
  162  10:01  Siege Tank  
  162  10:04  Marauder, Marine x3  
  162  10:05  Supply Depot  
  170  10:09  Marine  
  170  10:11  Marine  
  170  10:13  Marine  
  173  10:15  Marine x3  
  173  10:17  Marine x2  
  172  10:22  Marine  
  172  10:23  Marine  
  172  10:24  Marine  
  172  10:25  Marauder  
  172  10:27  Marine  
  178  10:32  Medivac x2  
  181  10:38  Marine x2  
  181  10:39  Siege Tank  
  185  10:44  SCV x2  
  185  10:49  Marauder x2, Marine x4  
  191  10:55  Marine x2  
  191  10:56  Marine  
  194  11:02  Marine x2  
  189  11:11  Marauder x2, Marine x2  
  192  11:15  Marine x4  
  191  11:19  Command Center  
  191  11:24  Liberator x2  
  160  11:29  Marine x4  
  160  11:32  Marauder x2  
  140  11:37  Marine x4  
  128  11:41  Siege Tank  
  128  11:42  Marine x2  
  139  11:51  Marine x2  
  139  11:52  Marine x2  
  139  11:53  Marauder  
  139  11:54  Marauder  
  147  11:56  Marine  
  147  11:58  Concussive Shells  
  148  12:01  Marine x2  
  148  12:03  Marine  
  148  12:05  Marine  
  152  12:15  Marine x2  
  154  12:16  Marauder  
  154  12:18  Marine x2  
  154  12:19  Marine x2  
  160  12:25  Siege Tank  
  162  12:37  Marine x5  
Tags
 
Add a new tag
Caveats
  • Supply blocks, unpowered buildings, or Contaminate may cause inaccurate times.
  • Supply counts are checked every 10 seconds.